 Dungeon Crawl Stone Soup version 0.17-a0-764-gd40c196 (webtiles) character file.

96 Lokkij the Poker (level 4, -1/36 HPs)
             Began as a Draconian Warper on Apr 23, 2015.
             Slain by an adder (5 damage)
             ... on level 2 of the Dungeon.
             The game lasted 00:04:23 (1786 turns).

Lokkij the Poker (Draconian Warper)                 Turns: 1786, Time: 00:04:23

Health: -1/36      AC:  8    Str: 13      XL:     4   Next: 41%
Magic:  7/7        EV: 12    Int: 14      God:
Gold:   55         SH:  0    Dex: 10 (11) Spells: 3 memorised, 2 levels left

rFire  . . .     SeeInvis .     a - +0 spear
rCold  . . .     Clarity  .     (armour unavailable)
rNeg   . . .     SustAb   .     (no shield)
rPois  .         Gourm    .     (helmet restricted)
rElec  .         Spirit   .     i - +2 cloak
rCorr  .         Warding  .     (no gloves)
rMut   .         Stasis   .     (no boots)
MR     .....                    (no amulet)
Stlth  +.........               (no ring)
                                (no ring)

@: lethally poisoned (-1 -> -9), not resistant to hostile enchantments, very
unstealthy
A: unfitting armour, cold-blooded, AC +5
a: no special abilities


You were on level 2 of the Dungeon.
You were not hungry.

You visited 1 branch of the dungeon, and saw 2 of its levels.

You collected 55 gold pieces.

Inventory:

Hand weapons
 a - a +0 spear (weapon)
Missiles
 d - 5 tomahawks of dispersal (quivered)
Armour
 i - a +2 cloak (worn)
Scrolls
 c - a scroll of blinking
 g - a scroll of identify
Books
 b - a book of Spatial Translocations

   Spells                             Type                      Level
   a - Apportation                    Translocation                1
   b - Blink                          Translocation                2
   c - Shroud of Golubria             Charms/Translocation         2
   d - Portal Projectile              Translocation                3
   e - Teleport Other                 Translocation                3
   f - Passage of Golubria            Translocation                4
Comestibles
 e - 4 bread rations
 f - 2 chunks of flesh
 k - 3 royal jellies


   Skills:
 - Level 2.1 Fighting
 * Level 4.0 Polearms
 - Level 0.8 Throwing
 - Level 2.1 Dodging
 - Level 2.0 Spellcasting
 + Level 3.9 Translocations


You had 2 spell levels left.
You knew the following spells:

 Your Spells              Type           Power        Failure   Level  Hunger
a - Apportation           Tloc           ##........   6%          1    ##.....
b - Blink                 Tloc           N/A          10%         2    ###....
c - Shroud of Golubria    Chrm/Tloc      #.........   21%         2    ###....


Dungeon Overview and Level Annotations

Branches:
Dungeon (2/15)

Altars:
Yredelemnul


Innate Abilities, Weirdness & Mutations

Your plain brown scales are hard (AC +5).
Your body does not fit into most forms of armour.
You are cold-blooded and may be slowed by cold attacks.


Message History

As you read the scroll labeled XYETWI HOG, it crumbles to dust.
Forget which spell ([?*] list [ESC] exit)?
Forget which spell ([?*] list [ESC] exit)?
Okay, then.
It was a scroll of amnesia.
* * * LOW HITPOINT WARNING * * *
You feel sick. The adder bites you but does no damage.
Read which item? (? for menu, Esc to quit)
As you read the scroll labeled ITE BAHIWILU, it crumbles to dust.
It is a scroll of enchant armour.
You aren't carrying any armour which can be enchanted further.
* * * LOW HITPOINT WARNING * * *
You feel sick. The adder bites you.
* * * LOW HITPOINT WARNING * * *
Read which item? (? for menu, Esc to quit)
As you read the scroll labeled EDGHOU XIBAIGOH, it crumbles to dust.
You feel aware of your surroundings.
It was a scroll of magic mapping.
* * * LOW HITPOINT WARNING * * *
You feel sick. The adder bites you.
You die...

#.....#########...........
#.........................
##.....##.....##..........
#####.######.............
#...# ####.......... ###.##
#.......... #..#
#.......... ##.####
##.........
#@Srg#####........ *******
####..............
**,,,,,** #...##.#####.##
*,,,....#####.#....# #.#
*,,,.............### #.#
*,,,.....####.#.########.##
*,,,,......................
*,,,,.........##...#####.##
*,,,,...####.##*#..# #.#


You could see an adder (inner flame), a quokka (inner flame) and a goblin (inner
flame).

Vanquished Creatures
  6 adders (D:2)
  3 worms (D:2)
  3 giant geckos
  2 giant cockroaches (D:2)
  5 goblins
  3 hobgoblins
  3 kobolds
  2 ball pythons
  2 giant newts (D:2)
  3 rats
32 creatures vanquished.

Vanquished Creatures (others)
  5 toadstools (D:1)
5 creatures vanquished.

Grand Total: 37 creatures vanquished

Notes
Turn   | Place    | Note
--------------------------------------------------------------
     0 | D:1      | Lokkij, the Draconian Warper, began the quest for the Orb.
     0 | D:1      | Reached XP level 1. HP: 17/17 MP: 3/3
   626 | D:1      | Reached XP level 2. HP: 24/24 MP: 5/5
  1050 | D:2      | Reached XP level 3. HP: 27/29 MP: 6/6
  1054 | D:2      | Learned a level 2 spell: Blink
  1057 | D:2      | Learned a level 2 spell: Shroud of Golubria
  1116 | D:2      | Found a basalt altar of Yredelemnul.
  1328 | D:2      | Reached XP level 4. HP: 13/36 MP: 7/7
  1369 | D:2      | HP: 1/36 [poisoned by an adder]
  1712 | D:2      | Reached skill level 4 in Polearms
  1786 | D:2      | Slain by an adder

Action                   |  1- 3 |  4- 6 || total
-------------------------+-------+-------++-------
Melee: Spear             |   185 |    44 ||   229
 Cast: Shroud of Golubri |     1 |     1 ||     2
  Use: Scroll            |     2 |     4 ||     6
       Potion            |     2 |     1 ||     3
 Stab: Sleeping          |     2 |       ||     2
  Eat: Chunk             |     2 |     1 ||     3
